 Dungeon Crawl Stone Soup version 0.18.1-8-gdd0e5ea (webtiles) character file.

452 Implojin the Ruffian (level 6, -7/49 HPs)
             Began as a Mummy Monk on May 23, 2016.
             Mangled by Crazy Yiuf
             ... wielding a +4 quarterstaff of chaos
              (12 damage)
             ... on level 2 of the Dungeon.
             The game lasted 00:35:38 (11608 turns).

Implojin the Ruffian (Mummy Monk)                  Turns: 11608, Time: 00:35:39

Health: -7/49      AC:  3    Str: 16    XL:     6   Next: 75%
Magic:  0/6        EV: 12    Int:  9    God:
Gold:   297        SH:  3    Dex: 15    Spells: 0 memorised, 5 levels left

rFire  . . .     SeeInvis .       - Unarmed
rCold  . . .     Gourm    .     (no armour)
rNeg   + + +     Faith    .     a - +0 buckler (curse)
rPois  ∞         Spirit   .     (no helmet)
rElec  .         Dismiss  .     (no cloak)
rCorr  .         Reflect  .     c - +2 pair of gloves (curse)
SustAt .         Harm     .     (no boots)
MR     .....                    (no amulet)
Stlth  ++........               j - ring of fire
                                (no ring)

@: not resistant to hostile enchantments, unstealthy
A: no food or potions, fire vulnerability, cold resistance 1, negative energy
resistance 3, torment resistance, unbreathing
a: no special abilities


You were on level 2 of the Dungeon.
You were not hungry.

You visited 1 branch of the dungeon, and saw 7 of its levels.
You also visited: Bailey.

You collected 297 gold pieces.

Inventory:

Armour
 a - a cursed +0 buckler (worn)
 c - a cursed +2 pair of gloves (worn)
Jewellery
 e - a +1 ring of slaying
 j - a ring of fire (right hand)
Wands
 f - a wand of digging (8/24)
 n - a wand of enslavement (17/24)
Scrolls
 g - 2 scrolls of amnesia
 h - 2 scrolls of fog
 l - a scroll of identify
 m - a scroll of remove curse
Books
 b - a book of Conjurations

   Spells                             Type                      Level
   a - Magic Dart                     Conjuration                  1
   b - Searing Ray                    Conjuration                  2
   c - Dazzling Spray                 Conjuration/Hexes            3
   d - Fulminant Prism                Conjuration/Hexes            4
   e - Iskenderun's Mystic Blast      Conjuration                  4
   f - Iskenderun's Battlesphere      Conjuration/Charms           5
 d - a book of Minor Magic

   Spells                             Type                      Level
   a - Magic Dart                     Conjuration                  1
   b - Blink                          Translocation                2
   c - Call Imp                       Summoning                    2
   d - Repel Missiles                 Charms/Air                   2
   e - Slow                           Hexes                        2
   f - Conjure Flame                  Conjuration/Fire             3
   g - Mephitic Cloud                 Conjuration/Poison/Air       3
 k - Kikubaaqudgha's Disquisition on Darkness
   (You found it on level 4 of the Dungeon)

   Spells                             Type                      Level
   a - Pain                           Necromancy                   1
Comestibles
 i - 4 bread rations


   Skills:
 * Level 4.4 Fighting
 - Level 2.4 Dodging
 - Level 1.5 Stealth
 - Level 6.2 Unarmed Combat


You had 5 spell levels left.
You didn't know any spells.

Dungeon Overview and Level Annotations

Branches:
Dungeon (7/15)             Temple (0/1) D:5

Altars:
Ashenzari
Kikubaaqudgha
Qazlal
Sif Muna
Trog
Vehumet
The Shining One

Annotations:
D:2 ogre parked come back, Crazy Yiuf
D:3 edmund come back, Edmund
D:4 exclusions: upstairs and 1 more exclusion, Eustachio; fitz's ghost, amateur MiBe
D:5 !dowan, duvessa, ribbit, pikel, edmund, care, Dowan; Duvessa; Pikel; Prince Ribbit
D:6 exclusion: upstairs


Innate Abilities, Weirdness & Mutations

You do not eat or drink.
Your flesh is vulnerable to fire.
You are immune to poison.
Your flesh is cold resistant.
You are immune to negative energy.
You are immune to unholy pain and torment.
You can survive without breathing.


Message History

Crazy Yiuf freezes you.
You hit Crazy Yiuf.
Crazy Yiuf is heavily wounded.
You completely miss Crazy Yiuf.
Crazy Yiuf is heavily wounded.
Crazy Yiuf says, "Scoff horse pontify!"
You block Crazy Yiuf's attack.
You hit Crazy Yiuf.
Crazy Yiuf is severely wounded.
You block Crazy Yiuf's attack.
You hit Crazy Yiuf but do no damage.
Crazy Yiuf is heavily wounded.
You block Crazy Yiuf's attack.
You barely miss Crazy Yiuf.
Crazy Yiuf is heavily wounded.
Crazy Yiuf closely misses you.
You hit Crazy Yiuf but do no damage.
Crazy Yiuf is heavily wounded.
Crazy Yiuf hits you with a quarterstaff of chaos!
You are confused.
Unknown command.
You hit Crazy Yiuf.
Crazy Yiuf is severely wounded.
Crazy Yiuf hits you with a quarterstaff of chaos!
* * * LOW HITPOINT WARNING * * *
You feel your power leaking away.
You bump into the rock wall.
Crazy Yiuf hits you with a quarterstaff of chaos.
* * * LOW HITPOINT WARNING * * *
* * * LOW HITPOINT WARNING * * *
Unknown command.
You hit Crazy Yiuf.
Crazy Yiuf is almost dead.
Crazy Yiuf hits you with a quarterstaff of chaos!
* * * LOW HITPOINT WARNING * * *
You bump into the rock wall.
You feel less confused.
Crazy Yiuf yells, "Shower sing spinner!"
Crazy Yiuf hits you with a quarterstaff of chaos!
You die...

#.# #...................... #.#
#.##.....#############. #.#
#.##.....# ##.. #.# #.##.....#
#... #.# #.##.....# #.#.
#.#########.##.....# #.#.
.........##.##.....# #.#.
########.##.####'#############.##
#...>...g@......(.........
#########.#############.## #.#
#.# #.# #.# #.###### #.# #......#
#####.# #......# #.....#
#......####'######
#.................


You could see Crazy Yiuf.

Vanquished Creatures
  A crimson imp (D:5)
  A centaur zombie (D:5)
  2 hounds (D:4)
  A giant frog skeleton (D:4)
  An orc wizard (D:4)
  A worker ant (D:4)
  A gnoll (D:7)
  11 adders
  An ooze (D:1)
  An adder zombie (D:7)
  An adder skeleton (D:4)
  3 dart slugs
  6 giant geckos
  12 orcs
  4 ball pythons
  2 giant cockroaches (D:2)
  9 goblins
  10 hobgoblins
  11 jackals
  5 quokkas
  7 bats
  A giant gecko skeleton (D:4)
  6 giant newts
  A jackal zombie (D:6)
  7 kobolds
  A quokka skeleton (D:5)
  6 rats
113 creatures vanquished.

Notes
Turn   | Place    | Note
--------------------------------------------------------------
     0 | D:1      | Implojin the Mummy Monk began the quest for the Orb.
     0 | D:1      | Reached XP level 1. HP: 18/18 MP: 1/1
   123 | D:1      | Reached XP level 2. HP: 8/24 MP: 2/2
   973 | D:2      | Reached skill level 4 in Unarmed Combat
  1181 | D:2      | Reached XP level 3. HP: 26/29 MP: 3/3
  2771 | D:2      | Reached XP level 4. HP: 26/35 MP: 4/4
  3088 | D:2      | Found a shattered altar of Ashenzari.
  3436 | D:2      | Reached skill level 5 in Unarmed Combat
  4059 | D:3      | Reached XP level 5. HP: 23/41 MP: 5/5
  4234 | D:3      | Found a glowing golden altar of the Shining One.
  4552 | D:3      | Found a glowing golden altar of the Shining One.
  4723 | D:3      | Found a bloodstained altar of Trog.
  5296 | D:4      | Found an ancient bone altar of Kikubaaqudgha.
  5298 | D:4      | Found a deep blue altar of Sif Muna.
  5300 | D:4      | Found a radiant altar of Vehumet.
  5303 | D:4      | Identified Kikubaaqudgha's Disquisition on Darkness
  5310 | D:4      | Noticed an ogre
  5610 | D:4      | Noticed fitz's ghost (amateur MiBe)
  5719 | D:5      | Entered Level 5 of the Dungeon
  5719 | D:5      | Noticed Edmund
  6788 | D:4      | fuck it
  7219 | D:5      | Found a stormy altar of Qazlal.
  7226 | D:5      | Noticed a slave
  7226 | D:5      | Noticed a slave
  7227 | D:5      | Noticed Pikel
  7227 | D:5      | Noticed a slave
  7236 | D:5      | Noticed Duvessa
  7236 | D:5      | Noticed Dowan
  7257 | D:5      | Noticed Prince Ribbit
  7281 | D:5      | Reached skill level 6 in Unarmed Combat
  7426 | D:5      | Noticed a sky beast
  7543 | D:6      | Noticed an orc warrior
  7713 | D:6      | Reached XP level 6. HP: 36/47 MP: 6/6
  8045 | D:6      | Noticed an orc warrior
  8202 | D:7      | Found a flagged portal.
  8375 | Bailey   | Entered a bailey
  8415 | Bailey   | Noticed an orc warrior
  8936 | D:5      | Found a staircase to the Ecumenical Temple.
  8939 | D:5      | Noticed a sky beast
  9598 | D:4      | Reached skill level 4 in Fighting
  9799 | D:4      | Noticed Crazy Yiuf
 10027 | D:4      | Noticed Eustachio
 11608 | D:2      | Mangled by Crazy Yiuf

Skill      XL: |  1  2  3  4  5  6 |
---------------+-------------------+-----
Unarmed Combat | 4 5 6 |  6.2
Fighting       | 4 |  4.4
Dodging        | |  2.4
Stealth        | |  1.5

Action                   |  1- 3 |  4- 6 || total
-------------------------+-------+-------++-------
Melee: Unarmed           |   159 |   387 ||   546
       Punch             |     4 |     9 ||    13
  Use: Scroll            |       |    12 ||    12
 Stab: Sleeping          |     4 |     1 ||     5
       Invisible         |       |     2 ||     2
Armor: Skin              |     3 |    45 ||    48
Dodge: Dodged            |    96 |   240 ||   336
Block: Buckler           |       |    29 ||    29

Table legend:
 A = Turns spent in this place as a percentage of turns spent in the entire game.
 B = Non-inter-level travel turns spent in this place as a percentage of non-inter-level travel turns spent in the entire game.
 C = Inter-level travel turns spent in this place as a percentage of turns spent in this place.
 D = Turns resting spent in this place as a percentage of non-inter-level travel turns spent in this place.
 E = Turns spent auto-exploring this place as a percentage of non-inter-level travel turns spent in this place.
 F = Non-inter-level travel turns spent in this place divided by the number of levels of this place that you've seen.
                   A       B       C       D       E      F
               +-------+-------+-------+-------+-------+----------------------
         Total | 100.0 | 100.0 |   0.3 |   2.2 |   1.9 | 628.8
       Dungeon |  99.4 |  99.4 |   0.3 |   2.2 |   1.9 | 714.1
        Bailey |   0.6 |   0.6 |   0.0 |   6.5 |   0.0 |  31.0
               +-------+-------+-------+-------+-------+----------------------

Table legend:
 A = Kills in this place as a percentage of kills in entire the game.
 B = Kills by you in this place as a percentage of kills by you in the entire game.
 C = Kills by friends in this place as a percentage of kills by friends in the entire game.
 D = Other kills in this place as a percentage of other kills in the entire game.
 E = Experience gained in this place as a percentage of experience gained in the entire game.
 F = Experience gained in this place divided by the number of levels of this place that you have seen.
                   A       B       C       D       E      F
               +-------+-------+-------+-------+-------+----------------------
         Total | 100.0 | 100.0 |  -nan |  -nan | 100.0 |  80.9
       Dungeon | 100.0 | 100.0 |  -nan |  -nan | 100.0 |  92.4
               +-------+-------+-------+-------+-------+----------------------
